 Dungeon Crawl Stone Soup version 0.31-a0-182-gc5ef74bbde (webtiles) character file.

Game seed: 14772144478253448450

5983 qw the Blocker (level 10, -1/60 HPs)
             Began as a Gargoyle Fighter on June 20, 2023.
             Was a Priest of Okawaru.
             Slain by a tengu warrior
             ... wielding a +0 war axe
              (3 damage)
             ... on level 9 of the Dungeon.
             The game lasted 00:04:10 (7944 turns).

qw the Blocker (Gargoyle Fighter)                   Turns: 7944, Time: 00:04:11

Health: -1/60      AC: 23    Str: 31    XL:     10   Next: 85%
Magic:  11/13      EV: 10    Int:  8    God:    Okawaru [***...]
Gold:   393        SH: 18    Dex:  9    Spells: 9/9 levels left

rFire   . . .        Y - +6 broad axe (freeze)
rCold   . . .        b - +0 tower shield
rNeg    + . .        e - +0 chain mail
rPois   inf          j - +0 helmet
rElec   +            (no cloak)
rCorr   .            (no gloves)
SInv    .            (no boots)
Will    .....        m - amulet of regeneration Stlth
                     o - +6 ring of strength
HPRegen 1.10/turn    h - +4 ring of protection
MPRegen 0.13/turn

%: no passive effects
@: heroic
A: sickness immunity, AC +7, negative energy resistance 1, electricity
resistance, torment resistance 1, petrification resistance
a: Renounce Religion, Heroism


You were on level 9 of the Dungeon.
You worshipped Okawaru.
Okawaru was most pleased with you.
You visited 2 branches of the dungeon, and saw 10 of its levels.
You also visited: Sewer.

You collected 393 gold pieces.


Innate Abilities, Weirdness & Mutations

You are immune to sickness and miasma.
Your stone body is resilient. (AC +7)
You are immune to poison.
You resist negative energy. (rN+)
You are resistant to electric shocks. (rElec)
You are resistant to unholy torment.
You are immune to petrification.


   Skills:
 - Level 6.1(11.1) Fighting
 - Level 9.0(14.0) Axes
 + Level 3.2(8.2) Armour
 - Level 1.0(6.0) Dodging
 - Level 12.2(17.2) Shields
 - Level 4.9 Invocations


You had 9 spell levels left.
You didn't know any spells.
Your spell library was empty.

Inventory:

Hand Weapons
 a - a +1 flail of protection
 Y - a +6 broad axe of freezing (weapon)
Armour
 b - a +0 tower shield (worn)
 e - a +0 chain mail (worn)
 j - a +0 helmet (worn)
Jewellery
 f - a +5 ring of evasion
 h - a +4 ring of protection (right hand)
 l - a ring of resist corrosion
 m - an amulet of regeneration (around neck)
 n - a ring of see invisible
 o - a +6 ring of strength (left hand)
Wands
 r - a wand of digging (2)
Scrolls
 c - 5 scrolls of identify
Potions
 d - a potion of might
 g - 2 potions of haste
 i - a potion of mutation
 k - a potion of lignification
 p - a potion of curing
 s - 2 potions of attraction

Dungeon Overview and Level Annotations

Branches:
Dungeon (9/15)             Temple (1/1) D:6            Lair (0/5) D:9
  Sewer (visited)
    Orc: D:9-12

Altars:
Ashenzari
Cheibriados
Dithmenos
Elyvilon
Gozag
Hepliaklqana
Kikubaaqudgha
Makhleb
Nemelex Xobeh
Okawaru
Qazlal
Ru
Sif Muna
Trog
Uskayaw
Vehumet
Wu Jian
Xom
Yredelemnul
Zin
The Shining One

Annotations:
D:6 3 runed translucent doors, qw's ghost, novice GrHu
D:7 3 runed translucent doors, qw's ghost, novice GrFi
D:9 6 transporters


Message History

You block the tengu warrior's attack. x2
The tengu warrior claws you but does no damage.
You block the gnoll sergeant's attack.
You closely miss the tengu warrior.
The tengu warrior is lightly wounded.
You block the tengu warrior's attack. The tengu warrior closely misses you.
You block the tengu warrior's attack.
You closely miss the tengu warrior.
The tengu warrior is lightly wounded.
The tengu warrior hits you with a +0 war axe.
You block the tengu warrior's attack.
The tengu warrior completely misses you.
The gnoll sergeant barely misses you.
You miss the tengu warrior.
The tengu warrior is lightly wounded.
The tengu warrior hits you but does no damage.
You block the tengu warrior's attack. The tengu warrior claws you.
You block the gnoll sergeant's attack.
You completely miss the tengu warrior.
The tengu warrior is lightly wounded.
You block the tengu warrior's attack. x3
The tengu warrior blocks your attack.
The tengu warrior is lightly wounded.
You feel like a meek peon again.
The tengu warrior hits you but does no damage.
You block the tengu warrior's attack. The tengu warrior barely misses you.
The gnoll sergeant hits you from afar with a +2 heavy trident.
7942 ||| INVOKING Heroism.
You gain the combat prowess of a mighty hero.
The tengu warrior closely misses you. x2; You block the tengu warrior's attack.
The gnoll sergeant hits you from afar with a +2 heavy trident.
You barely miss the tengu warrior.
The tengu warrior is lightly wounded.
The tengu warrior hits you with a +0 war axe.
You block the tengu warrior's attack.
The tengu warrior claws you but does no damage.
The tengu warrior blocks your attack.
The tengu warrior is lightly wounded.
You block the tengu warrior's attack. x2; The tengu warrior claws you.
You die...

###.###...####
##^..##.#...# ...
...^....#.#.#### ## ¤¤~
##..^####.#..... .# ¤¤..
##.#####.##.#.##.#..¤¤7
#.......##....#.#..¤¤7
##<.....####..#....¤.7
.####.##.#.......Q##.~.7
...##.##.#.#####@)..¤¤¤7
~~.......#.# #))..¤~..
.~.#.###.#.# #g....~~~
.~.........# #........
.~.#.#.##### #........
.~¤#.#...# #........
¤~.#.###.# #........
.~.#. #.### #.......)
¤~¤#. #...#


You could see a tengu warrior and a gnoll sergeant.

Vanquished Creatures
  A two-headed ogre (D:8)
  A tengu warrior (D:9)
  5 yaks (D:8)
  4 steam dragons
  Eustachio (D:6)
  An acid dragon (D:8)
  2 water moccasins (D:8)
  2 sky beasts
  A black bear (D:8)
  2 ice beasts
  4 centaurs
  2 kobold brigands
  A phantom (D:4)
  Blork the orc (D:5)
  3 bullfrogs
  2 gnoll sergeants (D:7)
  2 scorpions
  4 wights
  3 killer bees (D:9)
  A howler monkey (D:9)
  3 hounds
  4 gnoll boudas
  2 orc priests
  A jelly (D:4)
  3 sleepcaps
  5 iguanas
  13 orc wizards
  27 gnolls
  9 adders
  2 shadow imps
  An ufetubus (D:7)
  2 worms
  2 dart slugs
  21 orcs
  5 endoplasms
  5 giant cockroaches (D:5)
  8 goblins
  3 hobgoblins
  6 jackals
  14 kobolds
  8 quokkas
  6 ball pythons
  5 bats
  3 frilled lizards
  6 rats
207 creatures vanquished.

Notes
Turn   | Place    | Note
-------+----------+-------------------------------------------
     0 | D:1      | qw the Gargoyle Fighter began the quest for the Orb.
     0 | D:1      | Reached XP level 1. HP: 14/14 MP: 1/1
     0 | D:1      | 0 ||| qw: Version: 0.3-a-9-g12657ce
     0 | D:1      | 0 ||| qw: Game counter: 1495
     0 | D:1      | 0 ||| qw: Always use a shield: true
     0 | D:1      | 0 ||| qw: God list: Okawaru
     0 | D:1      | 0 ||| qw: Allow faded altars: false
     0 | D:1      | 0 ||| qw: Do Orc after D:15 true
     0 | D:1      | 0 ||| qw: Do second Lair branch before Depths: true
     0 | D:1      | 0 ||| qw: Lair rune preference: random
     0 | D:1      | 0 ||| qw: Plans: Normal, Zot:1-4, Slime:5, God:TSO, Crypt,
                  | Tomb, Abyss, Pan, Hells, Win
     0 | D:1      | 0 ||| PLANNING D:1-11
    44 | D:1      | 44 ||| Stepping ~*~*~tactically~*~*~ (hiding).
    45 | D:1      | 45 ||| Stepping ~*~*~tactically~*~*~ (stealth).
    60 | D:1      | 60 ||| Stepping ~*~*~tactically~*~*~ (stealth).
   116 | D:1      | 116 ||| FLEEEEING.
   117 | D:1      | 117 ||| FLEEEEING.
   118 | D:1      | 118 ||| FLEEEEING.
   119 | D:1      | 119 ||| FLEEEEING.
   120 | D:1      | 120 ||| FLEEEEING.
   121 | D:1      | 121 ||| FLEEEEING.
   122 | D:1      | 122 ||| FLEEEEING.
   123 | D:1      | 123 ||| FLEEEEING.
   124 | D:1      | 124 ||| FLEEEEING.
   125 | D:1      | 125 ||| FLEEEEING.
   126 | D:1      | 126 ||| FLEEEEING.
   127 | D:1      | 127 ||| FLEEEEING.
   130 | D:1      | 130 ||| FLEEEEING.
   131 | D:1      | 131 ||| FLEEEEING.
   132 | D:1      | 132 ||| FLEEEEING.
   133 | D:1      | 133 ||| FLEEEEING.
   134 | D:1      | 134 ||| FLEEEEING.
   144 | D:1      | Reached XP level 2. HP: 19/19 MP: 2/2
   646 | D:1      | 646 ||| UPGRADING to +2 buckler.
   656 | D:1      | 656 ||| DROPPING +0 buckler.
   657 | D:1      | 657 ||| DROPPING +2 buckler.
   658 | D:1      | 658 ||| UPGRADING to +4 ring of protection.
   659 | D:1      | 659 ||| READING scroll labelled WEPPACEEXE.
   660 | D:1      | 660 ||| READING scroll labelled PAXUCV MIAFI.
   807 | D:2      | Reached skill level 3 in Axes
   823 | D:2      | Reached XP level 3. HP: 20/23 MP: 3/3
  1523 | D:2      | 1523 ||| UPGRADING to amulet of guardian spirit.
  1528 | D:2      | 1528 ||| UPGRADING to +6 ring of dexterity.
  1529 | D:2      | 1529 ||| DROPPING ring of magical power.
  1530 | D:2      | 1530 ||| READING scroll labelled VIEBBENGY.
  1531 | D:2      | 1531 ||| READING 2 scrolls of identify.
  1531 | D:2      | 1531 ||| IDENTIFYING metallic coppery potion
  1673 | D:3      | Found a radiant altar of Vehumet.
  1722 | D:3      | Reached skill level 1 in Dodging
  1722 | D:3      | Reached XP level 4. HP: 26/28 MP: 4/4
  2005 | D:3      | 2005 ||| Stepping ~*~*~tactically~*~*~ (hiding).
  2006 | D:3      | 2006 ||| Stepping ~*~*~tactically~*~*~ (hiding).
  2115 | D:3      | Found a burning altar of Makhleb.
  2121 | D:3      | 2121 ||| DROPPING +0 club.
  2292 | D:3      | 2292 ||| READING scroll labelled KEYNYB GOWKU.
  2293 | D:3      | 2293 ||| READING scroll labelled ESAS ONOAGEEREIG.
  2294 | D:3      | 2294 ||| READING scroll labelled JOPHIGRUUST.
  2295 | D:3      | 2295 ||| READING 3 scrolls of identify.
  2295 | D:3      | 2295 ||| IDENTIFYING white potion
  2296 | D:3      | 2296 ||| READING 2 scrolls of identify.
  2296 | D:3      | 2296 ||| IDENTIFYING fuming purple potion
  2509 | D:4      | Noticed a scorpion
  2514 | D:4      | Killed a scorpion
  2515 | D:4      | Reached XP level 5. HP: 30/32 MP: 5/5
  2556 | D:4      | Reached XP level 6. HP: 32/38 MP: 3/6
  2709 | D:4      | 2709 ||| Stepping ~*~*~tactically~*~*~ (hiding).
  2724 | D:4      | Reached skill level 6 in Axes
  2724 | D:4      | Reached XP level 7. HP: 21/43 MP: 3/7
  2804 | D:4      | 2804 ||| DROPPING +0 whip.
  2968 | D:4      | 2968 ||| Stepping ~*~*~tactically~*~*~ (stealth).
  3085 | D:4      | 3085 ||| Stepping ~*~*~tactically~*~*~ (hiding).
  3086 | D:4      | 3086 ||| Stepping ~*~*~tactically~*~*~ (hiding).
  3141 | D:4      | 3141 ||| DROPPING +3 whip of venom.
  3380 | D:4      | 3380 ||| DROPPING scarf of invisibility.
  3381 | D:4      | 3381 ||| UPGRADING to amulet of regeneration.
  3391 | D:4      | 3391 ||| DROPPING amulet of guardian spirit.
  3392 | D:4      | 3392 ||| UPGRADING to +6 ring of strength.
  3394 | D:4      | 3394 ||| UPGRADING to +4 ring of protection.
  3396 | D:4      | 3396 ||| DROPPING +6 ring of dexterity.
  3397 | D:4      | 3397 ||| READING scroll labelled BERICV CUAPHAFO.
  3443 | D:5      | Entered Level 5 of the Dungeon
  3444 | D:5      | 3444 ||| PLANNING SEWER
  3599 | D:5      | Found an ornate altar of the Wu Jian Council.
  3611 | D:5      | Noticed Blork the orc
  3620 | D:5      | Killed Blork the orc
  3805 | D:5      | 3805 ||| Stepping ~*~*~tactically~*~*~ (water).
  3841 | D:5      | 3841 ||| Stepping ~*~*~tactically~*~*~ (water).
  3841 | D:5      | Found a glowing drain.
  3855 | D:5      | 3855 ||| DRINKING 2 glowing brown potions.
  3856 | D:5      | 3856 ||| READING 2 scrolls of identify.
  3856 | D:5      | 3856 ||| IDENTIFYING cyan potion
  3857 | D:5      | 3857 ||| DROPPING potion of invisibility.
  3868 | Sewer    | Entered a sewer
  3937 | Sewer    | Reached XP level 8. HP: 48/49 MP: 8/8
  4014 | D:5      | 4014 ||| PLANNING D:1-11
  4015 | D:5      | 4015 ||| Stepping ~*~*~tactically~*~*~ (stealth).
  4050 | D:5      | Found a basalt altar of Yredelemnul.
  4350 | D:5      | 4350 ||| UPGRADING to +0 chain mail.
  4360 | D:5      | 4360 ||| DROPPING +0 scale mail.
  4361 | D:5      | 4361 ||| DROPPING +2 leather armour of cold resistance.
  4362 | D:5      | 4362 ||| READING scroll labelled GESOSI WOIZI.
  4385 | D:6      | 4385 ||| STAIRDANCE
  4397 | D:6      | 4397 ||| Stepping ~*~*~tactically~*~*~ (hiding).
  4398 | D:6      | 4398 ||| Stepping ~*~*~tactically~*~*~ (hiding).
  4411 | D:6      | Reached skill level 6 in Fighting
  4674 | D:6      | 4674 ||| Stepping ~*~*~tactically~*~*~ (hiding).
  4682 | D:6      | Reached skill level 9 in Axes
  4716 | D:6      | Reached skill level 4 in Shields
  4716 | D:6      | Reached XP level 9. HP: 55/55 MP: 9/9
  4799 | D:6      | Found a staircase to the Ecumenical Temple.
  4800 | D:6      | 4800 ||| PLANNING TEMPLE
  4800 | D:6      | 4800 ||| UPGRADING to +0 tower shield.
  4810 | D:6      | 4810 ||| DROPPING +2 buckler.
  4811 | D:6      | 4811 ||| READING 2 scrolls of identify.
  4811 | D:6      | 4811 ||| IDENTIFYING amethyst potion
  4820 | Temple   | Entered the Ecumenical Temple
  4863 | Temple   | 4863 ||| PLANNING OKAWARU WORSHIP
  5193 | Temple   | Became a worshipper of Warmaster Okawaru
  5194 | Temple   | 5194 ||| PLANNING D:1-11
  5369 | D:6      | Found a runed translucent gate.
  5369 | D:6      | Found a runed translucent gate.
  5369 | D:6      | Noticed qw's ghost (novice GrHu)
  5372 | D:6      | Found a runed translucent gate.
  5488 | D:6      | 5488 ||| READING scroll of enchant weapon.
  5488 | D:6      | 5488 ||| ENCHANTING +1 war axe.
  5489 | D:6      | Noticed Eustachio
  5516 | D:6      | Killed Eustachio
  5517 | D:6      | Reached skill level 5 in Shields
  5613 | D:6      | 5613 ||| READING scroll labelled IRCHIF KUPTYCK.
  5613 | D:6      | Identified a scroll of acquirement
  5613 | D:6      | 5613 ||| ACQUIRING +4 broad axe of freezing
  5613 | D:6      | Acquired a +4 broad axe of freezing
  5615 | D:6      | 5615 ||| SWAPPING to +4 broad axe of freezing.
  5616 | D:6      | 5616 ||| DROPPING +2 war axe.
  5707 | D:7      | 5707 ||| Stepping ~*~*~tactically~*~*~ (hiding).
  5708 | D:7      | 5708 ||| Stepping ~*~*~tactically~*~*~ (hiding).
  5709 | D:7      | 5709 ||| Stepping ~*~*~tactically~*~*~ (hiding).
  5719 | D:7      | Reached skill level 6 in Shields
  5721 | D:7      | Found a shadowy altar of Dithmenos.
  5797 | D:7      | 5797 ||| Stepping ~*~*~tactically~*~*~ (hiding).
  6047 | D:7      | Reached * piety under Okawaru
  6058 | D:7      | 6058 ||| Stepping ~*~*~tactically~*~*~ (hiding).
  6083 | D:7      | Reached skill level 1 in Invocations
  6086 | D:7      | Reached skill level 7 in Shields
  6095 | D:7      | 6095 ||| READING scroll of enchant weapon.
  6095 | D:7      | 6095 ||| ENCHANTING +4 broad axe of freezing.
  6175 | D:7      | Found a white marble altar of Elyvilon.
  6210 | D:7      | 6210 ||| Stepping ~*~*~tactically~*~*~ (stealth).
  6217 | D:7      | 6217 ||| DRINKING potion of curing.
  6217 | D:7      | 6217 ||| (to cure confusion)
  6430 | D:7      | Found a runed translucent gate.
  6430 | D:7      | Found a runed translucent gate.
  6430 | D:7      | Found a runed translucent gate.
  6430 | D:7      | Noticed qw's ghost (novice GrFi)
  6471 | D:7      | 6471 ||| INVOKING Heroism.
  6476 | D:7      | Reached skill level 3 in Invocations
  6570 | D:7      | 6570 ||| READING scroll labelled AMANAS JUF JONK.
  6631 | D:8      | 6631 ||| Stepping ~*~*~tactically~*~*~ (hiding).
  6707 | D:8      | Noticed a two-headed ogre
  6708 | D:8      | 6708 ||| INVOKING Heroism.
  6713 | D:8      | Killed a two-headed ogre
  6713 | D:8      | Reached ** piety under Okawaru
  6714 | D:8      | Reached skill level 8 in Shields
  6714 | D:8      | Reached XP level 10. HP: 47/60 MP: 9/13
  6745 | D:8      | 6745 ||| READING scroll of enchant weapon.
  6745 | D:8      | 6745 ||| ENCHANTING +5 broad axe of freezing.
  6785 | D:8      | 6785 ||| Stepping ~*~*~tactically~*~*~ (stealth).
  6793 | D:8      | Reached skill level 9 in Shields
  6815 | D:8      | Reached skill level 10 in Shields
  6914 | D:8      | Found a glowing golden altar of the Shining One.
  6934 | D:8      | 6934 ||| Stepping ~*~*~tactically~*~*~ (hiding).
  6936 | D:8      | 6936 ||| Stepping ~*~*~tactically~*~*~ (hiding).
  6937 | D:8      | 6937 ||| Stepping ~*~*~tactically~*~*~ (hiding).
  6938 | D:8      | 6938 ||| Stepping ~*~*~tactically~*~*~ (hiding).
  6950 | D:8      | 6950 ||| Stepping ~*~*~tactically~*~*~ (stealth).
  6952 | D:8      | 6952 ||| Stepping ~*~*~tactically~*~*~ (hiding).
  6957 | D:8      | Reached *** piety under Okawaru
  6959 | D:8      | 6959 ||| INVOKING Heroism.
  6979 | D:8      | 6979 ||| Stepping ~*~*~tactically~*~*~ (hiding).
  7325 | D:8      | 7325 ||| UPGRADING to +0 helmet.
  7330 | D:8      | 7330 ||| READING scroll labelled SEUXTA ITSYTAWN.
  7331 | D:8      | 7331 ||| READING scroll labelled SIHUADYELYS.
  7379 | D:9      | 7379 ||| Stepping ~*~*~tactically~*~*~ (stealth).
  7382 | D:9      | 7382 ||| Stepping ~*~*~tactically~*~*~ (hiding).
  7383 | D:9      | 7383 ||| INVOKING Heroism.
  7399 | D:9      | Found a staircase to the Lair.
  7446 | D:9      | 7446 ||| Stepping ~*~*~tactically~*~*~ (stealth).
  7449 | D:9      | 7449 ||| Stepping ~*~*~tactically~*~*~ (stealth).
  7450 | D:9      | 7450 ||| Stepping ~*~*~tactically~*~*~ (hiding).
  7452 | D:9      | 7452 ||| INVOKING Heroism.
  7460 | D:9      | Reached skill level 11 in Shields
  7470 | D:9      | 7470 ||| DROPPING +0 flail.
  7491 | D:9      | Found a transporter.
  7493 | D:9      | 7493 ||| Stepping ~*~*~tactically~*~*~ (stealth).
  7500 | D:9      | 7500 ||| Stepping ~*~*~tactically~*~*~ (hiding).
  7500 | D:9      | Found a transporter.
  7501 | D:9      | 7501 ||| Stepping ~*~*~tactically~*~*~ (hiding).
  7502 | D:9      | 7502 ||| Stepping ~*~*~tactically~*~*~ (hiding).
  7504 | D:9      | 7504 ||| INVOKING Heroism.
  7508 | D:9      | 7508 ||| Stepping ~*~*~tactically~*~*~ (hiding).
  7509 | D:9      | 7509 ||| Stepping ~*~*~tactically~*~*~ (hiding).
  7510 | D:9      | 7510 ||| Stepping ~*~*~tactically~*~*~ (hiding).
  7633 | D:9      | Found a transporter.
  7636 | D:9      | Found a transporter.
  7650 | D:9      | 7650 ||| Stepping ~*~*~tactically~*~*~ (hiding).
  7780 | D:9      | Found a broken altar of Ashenzari.
  7863 | D:9      | Found a transporter.
  7865 | D:9      | Found a transporter.
  7918 | D:9      | Noticed a tengu warrior
  7919 | D:9      | Noticed a tengu warrior
  7927 | D:9      | 7927 ||| INVOKING Heroism.
  7927 | D:9      | HP: 15/60 [tengu warrior/+0 great sword (12)]
  7929 | D:9      | HP: 7/60 [tengu warrior/+0 great sword (5)]
  7931 | D:9      | Killed a tengu warrior
  7932 | D:9      | Reached skill level 12 in Shields
  7938 | D:9      | HP: 9/60 [tengu warrior/+0 war axe (3)]
  7939 | D:9      | HP: 4/60 [tengu warrior/+0 war axe (6)]
  7942 | D:9      | 7942 ||| INVOKING Heroism.
  7943 | D:9      | HP: 1/60 [tengu warrior/+0 war axe (4)]
  7944 | D:9      | Slain by a tengu warrior

Levels and vault maps discovered:
D:1:      heliophobic_arrival_enchanted_forest, layout_rooms, fountainhead
D:2:      layout_basic
D:3:      layout_loops_cross, vehumet_altar_wand_db, bloody_makhleb
D:4:      layout_basic, minmay_divided_ellipse
D:5:      layout_loops_ring, mainiacjoe_overflow_alcove_2,
          mainiacjoe_overflow_24_doors, gup_sewer_entry_pipe, uniq_blork_the_orc
D:6:      cheibrodos_steamvent, layout_loops_ring, minmay_temple_entry_trees,
          gammafunk_ghost_nasty_kobolds, st_stairs_11, uniq_eustachio
D:7:      layout_loops_corners, old_standard_altar, general_overflow_altar,
          gammafunk_ghost_necromancy, kennysheep_generic_room_5
D:8:      layout_loops_ring, lemuel_doored_altar
D:9:      layout_basic, mainiacjoe_overflow_brackets,
          mainiacjoe_overflow_concentric_impassable, lair_entry_dummy,
          minmay_misc_feat_more_columns, chequers_serial_rivers_small_b,
          serial_nicolae_subway, nicolae_sub_station_crystal,
          nicolae_sub_station_metal, nicolae_sub_station_stone
Temple:   compressed_dpeg_triangle_lava_temple

Skill      XL: |  1  2  3  4  5  6  7  8  9 10 |
---------------+-------------------------------+-----
Axes           | 2 3 4 5 6 7 9 |  9.0
Dodging        | 1 |  1.0
Fighting       | 4 5 6 |  6.1
Shields        | 4 8 12 | 12.2
Invocations    | 4 |  4.9
Armour         | |  3.2

Action                     |  1- 3 |  4- 6 |  7- 9 | 10-12 || total
---------------------------+-------+-------+-------+-------++-------
  Melee: War axe           |   130 |   113 |   199 |       ||   442
         Broad axe         |       |       |   112 |   105 ||   217
  Throw: Boomerang         |       |       |    26 |     1 ||    27
 Invoke: Heroism           |       |       |     2 |     6 ||     8
    Use: Scroll            |     4 |     5 |     8 |     3 ||    20
         Potion            |       |       |     2 |       ||     2
 Armour: Scale mail        |    67 |    53 |    48 |       ||   168
         Chain mail        |       |       |   117 |    81 ||   198
  Dodge: Dodged            |    44 |    62 |   107 |    40 ||   253
  Block: Buckler           |    34 |    41 |    47 |       ||   122
         Tower shield      |       |       |    89 |   103 ||   192

Table legend:
 A = Non-vault XP
 B = Vault XP
 C = Vault XP percentage of total XP
 D = Non-vault monster count
 E = Vault monster count
 F = Vault count percentage of total count
                 A         B        C        D         E       F
            +---------+---------+-------+---------+---------+-------
      Total |    7056 |    1492 |  17.5 |     173 |      34 |  16.4
            +---------+---------+-------+---------+---------+-------
        D:1 |      29 |       0 |   0.0 |      17 |       0 |   0.0
        D:2 |      32 |       0 |   0.0 |      12 |       0 |   0.0
        D:3 |      46 |       2 |   4.2 |      13 |       1 |   7.1
        D:4 |     355 |     405 |  53.3 |      25 |      13 |  34.2
        D:5 |     312 |     155 |  33.2 |       7 |      10 |  58.8
        D:6 |     518 |     750 |  59.1 |      16 |       5 |  23.8
        D:7 |    1026 |      72 |   6.6 |      34 |       2 |   5.6
        D:8 |    2711 |       0 |   0.0 |      20 |       0 |   0.0
        D:9 |    2027 |       0 |   0.0 |      29 |       0 |   0.0
      Sewer |       0 |     108 | 100.0 |       0 |       3 | 100.0
            +---------+---------+-------+---------+---------+-------
